 Dungeon Crawl Stone Soup version 0.28-a0-1389-gc726bef33b (webtiles) character file.

Game seed: 3689148375374961991

9 thegreatkingdan the Insei (level 1, 0/16 HPs)
             Began as a Demigod Transmuter on Jan 3, 2022.
             Constricted to death by a ball python (1 damage)
             ... on level 1 of the Dungeon on Jan 4, 2022.
             The game lasted 00:02:59 (118 turns).

thegreatkingdan the Insei (Demigod Transmuter)       Turns: 118, Time: 00:03:00

Health: 0/16       AC:  2    Str: 11    XL:     1   Next: 93%
Magic:  4/5        EV:  9    Int: 15    God:
Gold:   10         SH:  0    Dex: 14    Spells: 2/3 levels left

rFire   . . .      SeeInvis .     - Unarmed
rCold   . . .      Faith    .   (no shield)
rNeg    . . .      Spirit   .   a - +0 robe
rPois   .          Reflect  .   (helmet currently unavailable)
rElec   .          Harm     .   (no cloak)
rCorr   .          Rampage  .   (no gloves)
Will    .....                   (boots currently unavailable)
Stlth   +.........              (no amulet)
HPRegen 0.05/turn               (no ring)
MPRegen 0.09/turn               (no ring)

@: appendages, constricted
A: horns 2, talons 2, high mp 1, forlorn, divine attributes
a: End Transformation


You were on level 1 of the Dungeon.
You had temporarily grown beastly horns and talons.
You visited 1 branch of the dungeon, and saw 1 of its levels.

You collected 10 gold pieces.

Inventory:

Armour
 a - a +0 robe (worn)
Scrolls
 b - a scroll of immolation {unknown}


   Skills:
 + Level 1.1 Fighting
 + Level 1.9 Dodging
 + Level 2.8 Unarmed Combat
 + Level 1.9 Spellcasting
 + Level 1.9 Transmutations


You had 2 spell levels left.
You knew the following spells:

 Your Spells              Type           Power      Damage    Failure   Level
a - Beastly Appendage     Tmut           14%        N/A       10%         1

Your spell library contained the following spells:

 Spells                   Type           Power      Damage    Failure   Level
 Wereblood                Tmut           7%         N/A       16%         2
 Spider Form              Tmut/Pois      4%         N/A       41%         3
 Ice Form                 Ice/Tmut       4%         N/A       83%         4


Dungeon Overview and Level Annotations

Branches:
Dungeon (1/15)


Innate Abilities, Weirdness & Mutations

You have temporarily grown beastly horns and talons.
You have an increased reservoir of magic. (+10% MP)
You shall have no god before yourself.
Your divine heritage dramatically boosts your attributes as you level up.


Message History

You hit the jackal but do no damage. Your kick misses the jackal.
The goblin hits you with a +0 dagger.
The jackal bites you but does no damage.
The ball python closely misses you. x2
A rat comes into view.
You hit the ball python but do no damage.
You headbutt the ball python.
The ball python is moderately wounded.
The jackal bites you. The goblin hits you with a +0 dagger.
The ball python barely misses you. x2; The jackal barely misses you.
You are too injured to fight recklessly!
You are too injured to fight recklessly!
You barely miss the goblin. The goblin closely misses you.
The ball python misses you. The ball python grabs you.
The ball python constricts you. The ball python bites you.
You hit the jackal. You claw the jackal.
You kill the jackal!
The goblin closely misses you. The ball python bites you.
* * * LOW HITPOINT WARNING * * *
The ball python constricts you.
* * * LOW HITPOINT WARNING * * *
The ball python closely misses you.
Welcome back, thegreatkingdan the Demigod Transmuter.
Press ? for a list of commands and other information.
Okay, then.
Casting: Beastly Appendage (safe; 10% risk of failure)
Confirm with . or Enter, or press ? or * to list all spells.
You extend your transformation's duration.
The jackal bites you but does no damage.
The ball python bites you but does no damage.
The ball python constricts you. The goblin hits you with a +0 dagger.
* * * LOW HITPOINT WARNING * * *
The ball python closely misses you.
The jackal bites you but does no damage.
Unknown command.
You hit the jackal.
The jackal is moderately wounded.
The ball python bites you but does no damage.
The ball python constricts you.
You die...

. ## ##....##. . ##....
#... ..########
#........... .......
.###............
.......#...............>
......Sg##..#...........
.....rh@##..............
......S...†..# #######
.........###.### #
.........###...#########
...r...####.............
............##......####
........................
........######......####
...... #......#


You could see a quokka, a jackal, a goblin, 2 ball pythons and a rat.

Vanquished Creatures
  A dart slug (D:1)
  A ball python (D:1)
  An endoplasm (D:1)
  A jackal (D:1)
  A frilled lizard (D:1)
  A goblin (D:1)
  2 rats (D:1)
8 creatures vanquished.

Notes
Turn   | Place    | Note
-------+----------+-------------------------------------------
     0 | D:1      | thegreatkingdan the Demigod Transmuter began the quest for
                  | the Orb.
     0 | D:1      | Reached XP level 1. HP: 15/15 MP: 5/5
    41 | D:1      | Reached skill level 1 in Fighting
   118 | D:1      | Constricted to death by a ball python

Illustrated notes

Levels and vault maps discovered:
D:1:      onia_arrival_pentagram, layout_rooms, fountainhead

Skill      XL: |  1 |
---------------+----+-----
Fighting       | 1 |  1.1
Dodging        | |  1.9
Unarmed Combat | |  2.8
Spellcasting   | |  1.9
Transmutations | |  1.9

Action                   || total
-------------------------++-------
Melee: Unarmed           ||    25
       Kick              ||     2
       Headbutt          ||     2
       Punch             ||     1
 Cast: Beastly Appendage ||     4
Armor: Robe              ||    10
Dodge: Dodged            ||    21

Table legend: (Time is in decaauts)
 A = Elapsed time spent in this place.
 B = Non-inter-level travel time spent in this place.
 C = Inter-level travel time spent in this place.
 D = Time resting spent in this place.
 E = Time spent auto-exploring this place.
 F = Levels seen in this place.
 G = Mean time per level.
                   A        B        C        D        E       F      G
               +--------+--------+--------+--------+--------+-----+--------+
         Total |    116 |    116 |      0 |      0 |     37 |   1 |  116.0 |
       Dungeon |    116 |    116 |      0 |      0 |     37 |   1 |  116.0 |
               +--------+--------+--------+--------+--------+-----+--------+

Top non-repeatable levels by time:
     D:1: 116 daAuts
